 Dungeon Crawl Stone Soup version 0.31.0-4-g52a2dc7128 (webtiles) character file.

Game seed: 7039041750889928507

29056 Driedwater the Spear-Bearer (level 13, -16/116 HPs)
             Began as a Minotaur Berserker on Jan 20, 2024.
             Was an Elder of Trog.
             Demolished by a titanic slime creature (86 damage)
             ... on level 15 of the Dungeon on Jan 21, 2024.
             The game lasted 01:12:10 (16170 turns).

Driedwater the Spear-Bearer (Minotaur Berserker)   Turns: 16170, Time: 01:12:10

Health: -16/116    AC: 18    Str: 30    XL:     13   Next: 13%
Magic:  12/12      EV: 11    Int:  1    God:    Trog [****..]
Gold:   1076       SH: 19    Dex: 25    Spells: 12/12 levels left

rFire   . . .        X - +6 trident of Emigeg {flame, Int-3 Dex+6}
rCold   . . .        f - +0 kite shield
rNeg    . . .        M - +0 plate armour
rPois   .            (helmet restricted)
rElec   .            (no cloak)
rCorr   .            A - +0 pair of gloves
SInv    .            D - +0 pair of boots
Will    .....        t - amulet of reflection Stlth
                     T - +6 ring of strength
HPRegen 0.39/turn    L - +6 ring of dexterity
MPRegen 0.13/turn

%: reflection
@: no status effects
A: horns 2, retaliatory headbutt
a: Renounce Religion, Berserk, Trog's Hand, Brothers in Arms


You were on level 15 of the Dungeon.
You worshipped Trog.
Trog was greatly pleased with you.
You visited 4 branches of the dungeon, and saw 16 of its levels.
You also visited: Ossuary.

You collected 1485 gold pieces.
You spent 409 gold pieces at shops.

Inventory:

Hand Weapons
 e - a +4 trident of venom
 i - a +4 trident of draining
 K - a +1 hand axe of freezing
 R - a +6 heavy hand axe
 U - a +6 double sword
 X - the +6 trident of Emigeg (weapon) {flame, Int-3 Dex+6}
   (You found it on level 11 of the Dungeon)

   Int-3:     It affects your intelligence (-3).
   Dex+6:     It affects your dexterity (+6).
 Y - a +6 war axe of flaming
Missiles
 b - 2 throwing nets
 B - 7 boomerangs
 F - 56 poisoned darts (quivered)
 S - 3 atropa-tipped darts
 V - a javelin
Armour
 f - a +0 kite shield (worn)
 x - an orb of guile
 y - a +1 buckler of cold resistance
 A - a +0 pair of gloves (worn)
 D - a +0 pair of boots (worn)
 M - a +0 plate armour (worn)
Jewellery
 a - a +6 ring of strength
 q - a ring of poison resistance
 t - an amulet of reflection (around neck)
 z - a ring of willpower
 H - an amulet of regeneration
 L - a +6 ring of dexterity (right hand)
 T - a +6 ring of strength (left hand)
Talismans
 l - a beast talisman
Wands
 k - a wand of charming (26)
 G - a wand of iceblast (4)
 Q - a wand of quicksilver (1)
Scrolls
 c - 2 scrolls of amnesia
 d - 6 scrolls of teleportation
 j - 3 scrolls of noise
 m - 2 scrolls of fear
 n - 2 scrolls of revelation
 p - a scroll of torment {unknown}
 u - 6 scrolls of vulnerability
 v - a scroll of enchant armour {unknown}
 J - 2 scrolls of enchant weapon {unknown}
 O - 3 scrolls of poison
 W - a scroll of fog
Potions
 g - 2 potions of enlightenment
 h - 4 potions of brilliance {unknown}
 o - a potion of attraction {unknown}
 r - 3 potions of cancellation {unknown}
 s - 2 potions of degeneration
 w - 3 potions of lignification
 C - a potion of berserk rage {unknown}
 I - 3 potions of mutation {unknown}
 N - a potion of haste {unknown}
 P - 2 potions of resistance {unknown}
Miscellaneous
 E - a phantom mirror


   Skills:
 + Level 11.3 Fighting
 + Level 9.2(12.5) Axes
 + Level 13.4(14.5) Polearms
 + Level 5.3 Throwing
 + Level 11.2 Armour
 + Level 4.9 Dodging
 + Level 3.5 Stealth
 + Level 11.3 Shields
 + Level 3.7 Evocations


You had 12 spell levels left.
You didn't know any spells.
Your spell library was empty.

Dungeon Overview and Level Annotations

Branches:
Dungeon (12/15)            Temple (1/1) D:4            Lair (1/5) D:9
    Orc (1/2) D:10        Ossuary (visited)

Altars:
Ashenzari
Cheibriados
Dithmenos
Elyvilon
Fedhas
Gozag
Hepliaklqana
Kikubaaqudgha
Makhleb
Nemelex Xobeh
Okawaru
Qazlal
Ru
Sif Muna
Trog
Uskayaw
Vehumet
Wu Jian
Xom
Yredelemnul
Zin
The Shining One

Shops:
D:5 ![

Annotations:
D:3 2 transporters, himothy's ghost, weakling HuFi
D:5 3 runed translucent doors, badatdcss's ghost, novice HOFi


Innate Abilities, Weirdness & Mutations

You have a pair of horns on your head.
You reflexively headbutt those who attack you in melee.


Message History

Two slime creatures merge to form a titanic slime creature.
You puncture the titanic slime creature!
You burn the titanic slime creature.
The titanic slime creature is moderately wounded.
You hit the titanic slime creature. You burn the titanic slime creature.
The titanic slime creature is moderately wounded.
You impale the titanic slime creature!! You burn the titanic slime creature!
The titanic slime creature is moderately wounded.
You impale the titanic slime creature!! You burn the titanic slime creature.
You headbutt the titanic slime creature.
The titanic slime creature is heavily wounded.
You hit the titanic slime creature. You burn the titanic slime creature.
You headbutt the titanic slime creature!
The titanic slime creature is heavily wounded.
You block the titanic slime creature's attack.
You hit the titanic slime creature. You burn the titanic slime creature.
The titanic slime creature is heavily wounded.
The titanic slime creature hits you!!!
You puncture the titanic slime creature!
You burn the titanic slime creature!
The titanic slime creature is heavily wounded.
You puncture the titanic slime creature!
You burn the titanic slime creature.
The titanic slime creature is severely wounded.
The titanic slime creature closely misses you.
You hit the titanic slime creature but do no damage.
The titanic slime creature is severely wounded.
You block the titanic slime creature's attack.
You hit the titanic slime creature. You burn the titanic slime creature.
The titanic slime creature is severely wounded.
You barely miss the titanic slime creature.
You headbutt the titanic slime creature.
The titanic slime creature is severely wounded.
The titanic slime creature barely misses you.
You hit the titanic slime creature. You burn the titanic slime creature.
You headbutt the titanic slime creature!
The titanic slime creature is severely wounded.
The titanic slime creature hits you!!!!
Ouch! That really hurt!
You die...

###### ## ..... .
#.... .####
...##.....
#....(.y..
.y.....## #yy......
#J# #@# #.# #.# #.#
#.# #.# #.#
#.#########..
#######..##.......#


You could see a titanic slime creature and 3 vampire mosquitoes.

Vanquished Creatures
  Frances (D:12)
  A stone giant (D:11)
  Harold (D:10)
  5 two-headed ogres
  Urug (D:10)
  A deep elf pyromancer (D:11)
  16 cyclopes
  Maurice (D:7)
  2 manticores (D:12)
  Joseph (D:7)
  A cane toad (D:9)
  3 gargoyles
  Jeremiah (D:7)
  2 kobold demonologists (D:12)
  3 komodo dragons (D:9)
  A troll (D:10)
  A polar bear (Lair:1)
  4 blink frogs
  A shadow (D:11)
  8 slime creatures (D:12)
  2 vampires
  A wraith (D:10)
  A warg (D:11)
  2 basilisks
  14 yaks
  Eustachio (D:4)
  2 steam dragons
  6 vampire mosquitoes (D:12)
  A water moccasin (Lair:1)
  3 orc warriors
  An ice beast (D:8)
  A sky beast (D:6)
  5 ogres
  11 wolves
  2 centaurs
  2 phantoms
  8 kobold brigands
  2 bullfrogs (D:7)
  A gnoll sergeant (D:7)
  5 wights (D:7)
  A bombardier beetle (D:5)
  6 electric eels
  6 howler monkeys
  3 hounds
  A gnoll bouda (D:9)
  4 jellies
  9 orc priests
  4 iguanas
  2 orc wizards
  Ijyb (D:4)
  8 mummies (Ossuary)
  13 gnolls
  6 adders
  2 dart slugs
  3 ribbon worms
  23 orcs
  3 ball pythons
  3 bats
  8 endoplasms
  4 giant cockroaches
  5 goblins
  4 hobgoblins
  33 kobolds
  3 quokkas
  4 frilled lizards
  A gnoll zombie (Ossuary)
  3 hobgoblin zombies (Ossuary)
  2 kobold zombies (Ossuary)
  2 orc zombies (Ossuary)
  5 rats
298 creatures vanquished.

Vanquished Creatures (collateral kills)
  A two-headed ogre (D:12)
  A kobold demonologist (D:12)
  A yak (D:11)
  3 kobolds (D:12)
6 creatures vanquished.

Vanquished Creatures (others)
  An orc sorcerer (Orc:1)
1 creature vanquished.

Grand Total: 305 creatures vanquished

Notes
Turn   | Place    | Note
-------+----------+-------------------------------------------
     0 | D:1      | Driedwater the Minotaur Berserker began the quest for the
                  | Orb.
     0 | D:1      | Reached XP level 1. HP: 19/19 MP: 0/0
   259 | D:1      | Reached XP level 2. HP: 16/27 MP: 1/1
  1187 | D:2      | Reached XP level 3. HP: 33/33 MP: 2/2
  1192 | D:2      | Reached ** piety under Trog
  1326 | D:2      | Identified the +2 leather armour of Articulation {Harm
                  | rPois rF- SInv}
  1938 | D:2      | Found a faded altar of an unknown god.
  2157 | D:3      | Found a transporter.
  2160 | D:3      | Noticed himothy's ghost (weakling HuFi)
  2161 | D:3      | Noticed a phantom
  2168 | D:3      | Found a transporter.
  2450 | D:3      | Found a blossoming altar of Fedhas.
  2497 | D:3      | Reached XP level 4. HP: 41/41 MP: 3/3
  3158 | D:4      | Found a staircase to the Ecumenical Temple.
  3183 | D:4      | Reached skill level 5 in Axes
  3183 | D:4      | Reached XP level 5. HP: 36/47 MP: 4/4
  3245 | D:4      | Noticed Ijyb
  3260 | D:4      | Killed Ijyb
  3526 | D:4      | Noticed Eustachio
  3531 | D:4      | Killed Eustachio
  3532 | D:4      | Reached skill level 5 in Fighting
  3532 | D:4      | Reached XP level 6. HP: 56/56 MP: 5/5
  4080 | Temple   | Entered the Ecumenical Temple
  4281 | D:5      | Entered Level 5 of the Dungeon
  4354 | D:5      | Found an ancient bone altar of Kikubaaqudgha.
  4403 | D:5      | Found a runed translucent gate.
  4404 | D:5      | Found a runed translucent gate.
  4404 | D:5      | Found a runed translucent gate.
  4404 | D:5      | Noticed badatdcss's ghost (novice HOFi)
  4432 | D:5      | Reached skill level 5 in Armour
  4473 | D:5      | Found a sand-covered staircase.
  4483 | Ossuary  | Entered an ossuary
  4514 | Ossuary  | HP: 2/84 [mummy (10)]
  4723 | Ossuary  | Reached XP level 7. HP: 61/61 MP: 6/6
  4899 | D:5      | Found Hona's Armour Shop.
  4916 | D:5      | Bought a +1 buckler of cold resistance for 214 gold pieces
  4939 | D:5      | Reached skill level 1 in Stealth
  5243 | D:5      | Reached skill level 1 in Evocations
  5523 | D:5      | Found Roacyes's Distillery.
  5530 | D:5      | Bought a potion of heal wounds for 75 gold pieces
  5530 | D:5      | Bought a potion of heal wounds for 75 gold pieces
  5530 | D:5      | Bought a potion of curing for 45 gold pieces
  5863 | D:6      | Reached skill level 1 in Shields
  6276 | D:6      | Reached *** piety under Trog
  6281 | D:6      | Found a glowing silver altar of Zin.
  6448 | D:6      | Found an opulent altar of Gozag.
  6495 | D:6      | Reached XP level 8. HP: 70/70 MP: 7/7
  6782 | D:7      | Noticed Jeremiah
  6783 | D:7      | Noticed Maurice
  6809 | D:7      | Killed Maurice
  6871 | D:7      | Killed Jeremiah
  7221 | D:7      | Reached XP level 9. HP: 75/78 MP: 8/8
  7225 | D:7      | Reached skill level 1 in Polearms
  7297 | D:7      | Noticed Joseph
  7333 | D:7      | Killed Joseph
  7334 | D:7      | Reached skill level 2 in Polearms
  7334 | D:7      | Reached skill level 1 in Throwing
  7470 | D:7      | Found a hide-covered altar of Uskayaw.
  7482 | D:7      | Reached skill level 3 in Polearms
  7983 | D:8      | Found a shadowy altar of Dithmenos.
  8103 | D:8      | Reached skill level 4 in Polearms
  8542 | D:9      | Found a stormy altar of Qazlal.
  8570 | D:9      | Reached skill level 5 in Shields
  8621 | D:9      | Noticed a two-headed ogre
  8636 | D:9      | Killed a two-headed ogre
  8637 | D:9      | Reached skill level 5 in Polearms
  8644 | D:9      | Reached XP level 10. HP: 79/88 MP: 9/9
  8806 | D:9      | Reached skill level 6 in Polearms
  9193 | D:9      | Reached skill level 7 in Polearms
  9226 | D:9      | Found a staircase to the Lair.
  9260 | Lair:1   | Entered Level 1 of the Lair of Beasts
  9373 | Lair:1   | Reached skill level 8 in Polearms
  9373 | Lair:1   | Noticed a six-headed hydra
  9384 | Lair:1   | Noticed a cane toad
  9410 | D:9      | Killed a cane toad
  9411 | D:9      | Reached XP level 11. HP: 43/95 MP: 10/10
  9897 | D:10     | Entered Level 10 of the Dungeon
  9897 | D:10     | Noticed Harold
  9917 | D:10     | Killed Harold
  9918 | D:10     | Reached skill level 9 in Polearms
 10119 | D:10     | Reached **** piety under Trog
 10256 | D:10     | Upgraded the game from 0.31.0-2-g5a2aebc5c2 to
                  | 0.31.0-4-g52a2dc7128
 10305 | D:10     | Found an ornate altar of the Wu Jian Council.
 10381 | D:10     | Noticed Urug
 10399 | D:10     | Killed Urug
 10600 | D:10     | Found a staircase to the Orcish Mines.
 10649 | Orc:1    | Entered Level 1 of the Orcish Mines
 10754 | Orc:1    | Noticed an orc sorcerer
 10763 | Orc:1    | Paralysed by an orc sorcerer for 5 turns
 10769 | Orc:1    | HP: 2/97 [orc sorcerer/bolt of fire (16)]
 10773 | Orc:1    | Killed an orc sorcerer
 11143 | D:10     | Found a broken altar of Ashenzari.
 11143 | D:10     | Found a snail-covered altar of Cheibriados.
 11283 | D:10     | Found a sacrificial altar of Ru.
 11838 | D:11     | Noticed a two-headed ogre
 11838 | D:11     | Noticed a two-headed ogre
 11846 | D:11     | Killed a two-headed ogre
 11847 | D:11     | Reached skill level 10 in Polearms
 11848 | D:11     | Killed a two-headed ogre
 12168 | D:11     | Reached skill level 10 in Armour
 12174 | D:11     | Reached skill level 11 in Polearms
 12191 | D:11     | Reached XP level 12. HP: 31/106 MP: 11/11
 12441 | D:11     | Noticed a two-headed ogre
 12450 | D:11     | Killed a two-headed ogre
 12451 | D:11     | Reached skill level 10 in Fighting
 13181 | D:11     | Reached skill level 10 in Shields
 13185 | D:11     | Reached skill level 12 in Polearms
 13317 | D:11     | Noticed a stone giant
 13337 | D:11     | Killed a stone giant
 13618 | D:11     | Identified the +6 trident of Emigeg {flame, Int-3 Dex+6}
 13655 | D:11     | Identified the +1 leather armour of the Evening Star
                  | {Rampage rC+ Regen+ Stlth+}
 14173 | D:12     | Reached skill level 5 in Throwing
 14258 | D:12     | Reached skill level 13 in Polearms
 14327 | D:12     | Noticed a two-headed ogre
 14334 | D:12     | Killed a two-headed ogre
 14663 | D:12     | Noticed Frances
 14680 | D:12     | Killed Frances
 14681 | D:12     | Reached XP level 13. HP: 116/116 MP: 12/12
 15385 | D:12     | Found a bloodstained altar of Trog.
 16127 | D:12     | You fall into a shaft and drop 3 floors!
 16127 | D:15     | Entered Level 15 of the Dungeon
 16170 | D:15     | Demolished by a titanic slime creature

Illustrated notes

Levels and vault maps discovered:
D:1:      heliophobic_arrival_ceremonial_halls, layout_loops_corners,
          columned_hall_lemuel, minmay_tromino_mix6
D:2:      layout_basic, shapermc_ecumenical_altar_petra,
          wander_ebering_terrifying_dragon_lair
D:3:      layout_basic, old_standard_altar, gammafunk_ghost_mausoleum
D:4:      layout_gridville, minmay_temple_entry_mini_moons, uniq_eustachio,
          uniq_ijyb
D:5:      layout_loops_ring, overflow_temple_1_default, gammafunk_ghost_split,
          serial_shops, nicolae_shop_tiny_waterfront,
          nicolae_shop_temple_entry_statues_fountains,
          lightli_ossuary_entry_decrepit_ruins
D:6:      layout_basic, pf_just_have_faith, zin_academy
D:7:      layout_rooms, nicolae_uskayaw_murder_on_the_dancefloor, uniq_joseph,
          uniq_maurice, uniq_jeremiah
D:8:      layout_cave_pools, nicolae_dithmenos_the_darkroom
D:9:      layout_cave_pools, grunt_qazlal_clouds, erik_lair_dragon,
          nicolae_kite_square_tiling_tiny, amcnicky_mini_corridor_feature,
          hangedman_glass_teeth
D:10:     layout_long_grid, nicolae_overflow_two_pavilions,
          nicolae_ru_path_of_blood, mainiacjoe_overflow_tiny_flanked,
          orc_0_dummy, hex_large, uniq_harold, uniq_urug
D:11:     giant_chief_lemuel, layout_rooms, serial_bayou, serial_bayou_shore_b,
          serial_bayou_shore_a, serial_bayou_lake_a, serial_bayou_pond_a,
          serial_bayou_crossing
D:12:     layout_basic, gauntlet_entry_generic, trog_antimagical, uniq_frances
D:15:     grunt_enter_depths_hoard, layout_rooms, serial_bayou_pond_d
Temple:   minmay_temple_curvy_loop
Lair:1:   layout_layer_cave, enter_volcano_4, grunt_megastairs_1
Orc:1:    layout_diamond_mine, basic_altar, uniq_jorgrun

Skill      XL: |  1  2  3  4  5  6  7  8  9 10 11 12 |
---------------+-------------------------------------+-----
Axes           | 4 5 6 8 9 |  9.2
Fighting       | 4 5 6 7 8 9 11 | 11.3
Armour         | 3 4 5 6 7 9 10 11 | 11.2
Dodging        | 3 4 |  4.9
Stealth        | 1 2 3 |  3.5
Evocations     | 1 2 3 |  3.7
Shields        | 1 3 5 8 9 11 | 11.3
Polearms       | 5 8 11 13 | 13.4
Throwing       | 2 3 4 5 |  5.3

Action                     |  1- 3 |  4- 6 |  7- 9 | 10-12 | 13-15 || total
---------------------------+-------+-------+-------+-------+-------++-------
  Melee: Hand axe          |   101 |    99 |    91 |       |       ||   291
         Headbutt          |    20 |    16 |    46 |    99 |    20 ||   201
         Punch             |     1 |     1 |       |       |       ||     2
         Trident           |       |       |   120 |   389 |    61 ||   570
  Throw: Dart              |       |       |    12 |    26 |       ||    38
         Boomerang         |       |       |    12 |     4 |       ||    16
         Javelin           |       |       |       |     9 |       ||     9
 Invoke: Trog's Hand       |       |     5 |     7 |     2 |       ||    14
         Berserk           |       |       |     2 |     9 |       ||    11
         Brothers in Arms  |       |       |       |     3 |       ||     3
  Evoke: Wand              |       |     6 |    19 |    18 |     1 ||    44
    Use: Potion            |       |     5 |     8 |     8 |       ||    21
         Scroll            |       |     4 |     9 |     3 |       ||    16
   Stab: Distracted        |       |       |     1 |     1 |       ||     2
         Held in net/web   |       |       |       |     1 |       ||     1
         Invisible         |       |       |       |     1 |       ||     1
 Armour: Ring mail         |    49 |    55 |    10 |       |       ||   114
         Animal skin       |     1 |       |       |       |       ||     1
         Skin              |       |    17 |       |       |       ||    17
         Chain mail        |       |       |    89 |       |       ||    89
         Plate armour      |       |       |    41 |   209 |    12 ||   262
  Dodge: Dodged            |    44 |    58 |    85 |    95 |     8 ||   290
  Block: Other             |       |     9 |     1 |       |       ||    10
         Buckler           |       |       |   112 |       |       ||   112
         Kite shield       |       |       |    39 |   320 |    23 ||   382
         Reflection        |       |       |     8 |    13 |       ||    21
